SAA
HELENA GRIZZLIES @ PHOENIX HOTSPUR YOUTH
08/06/2020
 
TOP OF THE 1ST
Helena Grizzlies batting - Pitching for Phoenix Hotspur Youth : LHP Wes Hamm
Pitching: LHP Wes Hamm
Batting: RHB Hank Kenney 0-0: Ball
1-0: Ball
2-0: Foul Ball, location: 2F
2-1: Foul Ball, location: 2F
2-2: Foul Ball, location: 2F
2-2: Strikes out swinging
Batting: RHB Danny Walsh 0-0: Ball
1-0: Swinging Strike
1-1: Foul Ball, location: 2F
1-2: Foul Ball, location: 2F
1-2: Foul Ball, location: 2F
1-2: Ball
2-2: Strikes out swinging
Batting: LHB José Alonso 0-0: Foul Ball, location: 2F
0-1: Foul Ball, location: 2F
0-2: Ball
1-2: Ground out 4-3 (Groundball, 4)
Top of the 1st over - 0 run(s), 0 hit(s), 0 error(s), 0 left on base; Helena 0 - Phoenix Hotspur 0
BOTTOM OF THE 1ST
Phoenix Hotspur Youth batting - Pitching for Helena Grizzlies : LHP Yusuke Chikafuji
Pitching: LHP Yusuke Chikafuji
Batting: RHB Dan Perkins 0-0: Ball
1-0: Ground out 5-3 (Groundball, 56)
Batting: RHB Júlio Mateo 0-0: Called Strike
0-1: Ball
1-1: Called Strike
1-2: Ball
2-2: Strikes out swinging
Batting: SHB Dave Orchard 0-0: Ball
1-0: Swinging Strike
1-1: Foul Ball, location: 2F
1-2: Ball
2-2: Strikes out swinging
Bottom of the 1st over - 0 run(s), 0 hit(s), 0 error(s), 0 left on base; Helena 0 - Phoenix Hotspur 0
TOP OF THE 2ND
Helena Grizzlies batting - Pitching for Phoenix Hotspur Youth : LHP Wes Hamm
Batting: RHB Alfredo Méndez 0-0: Ball
1-0: Ball
2-0: Called Strike
2-1: Ball
3-1: Foul Ball, location: 2F
3-2: Strikes out looking
Batting: SHB Eric O'Neill 0-0: Foul Ball, location: 2F
0-1: Ball
1-1: Ball
2-1: Foul Ball, location: 2F
2-2: Ball
3-2: Foul Ball, location: 2F
3-2: Strikes out swinging
Batting: RHB Octávio Zúńiga 0-0: SINGLE (Groundball, 4MD)
Batting: LHB Juan Hernández 0-0: Foul Ball, location: 2F
0-1: Ball
1-1: Fly out, F7 (Flyball, 78M)
Top of the 2nd over - 0 run(s), 1 hit(s), 0 error(s), 1 left on base; Helena 0 - Phoenix Hotspur 0
BOTTOM OF THE 2ND
Phoenix Hotspur Youth batting - Pitching for Helena Grizzlies : LHP Yusuke Chikafuji
Batting: RHB Martín Martínez 0-0: Called Strike
0-1: Ball
1-1: Ball
2-1: Ground out 5-3 (Groundball, 56)
Batting: SHB Jesús González 0-0: Ball
1-0: Ball
2-0: Ball
3-0: Called Strike
3-1: Base on Balls
Batting: RHB Richard Moss 0-0: Fielders Choice at 2nd, 1-6 (Groundball, 15)
Batting: LHB Torquato Villani 0-0: Ball
1-0: Ball
2-0: Called Strike
2-1: Swinging Strike
2-2: Ball
3-2: Ground out U3 (Groundball, 3S)
Bottom of the 2nd over - 0 run(s), 0 hit(s), 0 error(s), 1 left on base; Helena 0 - Phoenix Hotspur 0
TOP OF THE 3RD
Helena Grizzlies batting - Pitching for Phoenix Hotspur Youth : LHP Wes Hamm
Batting: RHB Joe Chase 0-0: Ball
1-0: DOUBLE (Flyball, 89XD)
Batting: RHB Matt Williams 0-0: Swinging Strike
0-1: Ball
1-1: Called Strike
1-2: Fly out, F8 (Flyball, 8RM)
Batting: RHB Hank Kenney 0-0: Called Strike
0-1: Foul Ball, location: 2F
0-2: Foul Ball, location: 2F
0-2: Ball
1-2: Ball
2-2: Strikes out looking
Batting: RHB Danny Walsh 0-0: Foul Ball, location: 2F
0-1: Ball
1-1: Ball
2-1: Swinging Strike
2-2: Ball
3-2: Strikes out swinging
Top of the 3rd over - 0 run(s), 1 hit(s), 0 error(s), 1 left on base; Helena 0 - Phoenix Hotspur 0
BOTTOM OF THE 3RD
Phoenix Hotspur Youth batting - Pitching for Helena Grizzlies : LHP Yusuke Chikafuji
Batting: RHB Ben Anderson 0-0: Called Strike
0-1: Ground out 6-3 (Groundball, 6)
Batting: RHB Alejandro Ibarra 0-0: Ball
1-0: SINGLE (Line Drive, 89S)
Batting: RHB Dan Perkins 0-0: Called Strike
0-1: Swinging Strike
0-2: Foul Ball, location: 2F
0-2: Ball
1-2: Ball
2-2: Strikes out swinging
Batting: RHB Júlio Mateo 0-0: Ball
Alejandro Ibarra steals 2nd base
1-0: Fly out, F7 (Flyball, 7D)
Bottom of the 3rd over - 0 run(s), 1 hit(s), 0 error(s), 1 left on base; Helena 0 - Phoenix Hotspur 0
TOP OF THE 4TH
Helena Grizzlies batting - Pitching for Phoenix Hotspur Youth : LHP Wes Hamm
Batting: LHB José Alonso 0-0: Fly out, F8 (Flyball, 8RM)
Batting: RHB Alfredo Méndez 0-0: Foul Ball, location: 2F
0-1: Ball
1-1: Ball
2-1: Swinging Strike
2-2: Strikes out swinging
Batting: SHB Eric O'Neill 0-0: Ball
1-0: Ball
2-0: Swinging Strike
2-1: Called Strike
2-2: Ball
3-2: Base on Balls
Batting: RHB Octávio Zúńiga 0-0: Foul Ball, location: 2F
0-1: Foul Ball, location: 2F
0-2: Strikes out swinging
Top of the 4th over - 0 run(s), 0 hit(s), 0 error(s), 1 left on base; Helena 0 - Phoenix Hotspur 0
BOTTOM OF THE 4TH
Phoenix Hotspur Youth batting - Pitching for Helena Grizzlies : LHP Yusuke Chikafuji
Batting: SHB Dave Orchard 0-0: Swinging Strike
0-1: Ball
1-1: Ground out 5-3 (Groundball, 56)
Batting: RHB Martín Martínez 0-0: Ball
1-0: Called Strike
1-1: Foul Ball, location: 2F
1-2: Ground out 6-3 (Groundball, 6M)
Batting: SHB Jesús González 0-0: Called Strike
0-1: Ground out 6-3 (Groundball, 6MS)
Bottom of the 4th over - 0 run(s), 0 hit(s), 0 error(s), 0 left on base; Helena 0 - Phoenix Hotspur 0
TOP OF THE 5TH
Helena Grizzlies batting - Pitching for Phoenix Hotspur Youth : LHP Wes Hamm
Batting: LHB Juan Hernández 0-0: Fly out, F6 (Popup, 6M)
Batting: RHB Joe Chase 0-0: Ball
1-0: Called Strike
1-1: Called Strike
1-2: Ball
2-2: Ball
3-2: Ground out 5-3 (Groundball, 5L)
Batting: RHB Matt Williams 0-0: Swinging Strike
0-1: Called Strike
0-2: Ball
1-2: Strikes out swinging
Top of the 5th over - 0 run(s), 0 hit(s), 0 error(s), 0 left on base; Helena 0 - Phoenix Hotspur 0
BOTTOM OF THE 5TH
Phoenix Hotspur Youth batting - Pitching for Helena Grizzlies : LHP Yusuke Chikafuji
Batting: RHB Richard Moss 0-0: Ball
1-0: Foul Ball, location: 2F
1-1: Ball
2-1: Ball
3-1: Fly out, F9 (Popup, 89S)
Batting: LHB Torquato Villani 0-0: Foul Ball, location: 2F
0-1: Swinging Strike
0-2: Ground out 3-1 (Groundball, 34S)
Batting: RHB Ben Anderson 0-0: Ground out 4-3 (Groundball, 4)
Bottom of the 5th over - 0 run(s), 0 hit(s), 0 error(s), 0 left on base; Helena 0 - Phoenix Hotspur 0
TOP OF THE 6TH
Helena Grizzlies batting - Pitching for Phoenix Hotspur Youth : LHP Wes Hamm
Batting: RHB Hank Kenney 0-0: Foul Ball, location: 2F
0-1: Ground out 4-3 (Groundball, 4M)
Batting: RHB Danny Walsh 0-0: Called Strike
0-1: Ball
1-1: Ball
2-1: Foul Ball, location: 2F
2-2: Foul Ball, location: 2F
2-2: Ball
3-2: Foul Ball, location: 2F
3-2: Foul Ball, location: 2F
3-2: Base on Balls
Batting: LHB José Alonso 0-0: Ball
Danny Walsh steals 2nd base
1-0: Called Strike
1-1: Foul Ball, location: 2F
1-2: Strikes out swinging
Batting: RHB Alfredo Méndez 0-0: Ball
1-0: Called Strike
1-1: Foul Ball, location: 2F
1-2: Ball
2-2: Ground out 5-3 (Groundball, 5L)
Top of the 6th over - 0 run(s), 0 hit(s), 0 error(s), 1 left on base; Helena 0 - Phoenix Hotspur 0
BOTTOM OF THE 6TH
Phoenix Hotspur Youth batting - Pitching for Helena Grizzlies : LHP Yusuke Chikafuji
Batting: RHB Alejandro Ibarra 0-0: Ground out 6-3 (Groundball, 56)
Batting: RHB Dan Perkins 0-0: Ball
1-0: Called Strike
1-1: Foul Ball, location: 2F
1-2: Strikes out swinging
Batting: RHB Júlio Mateo 0-0: Called Strike
0-1: Ball
1-1: Fly out, F8 (Flyball, 8LM)
Bottom of the 6th over - 0 run(s), 0 hit(s), 0 error(s), 0 left on base; Helena 0 - Phoenix Hotspur 0
TOP OF THE 7TH
Helena Grizzlies batting - Pitching for Phoenix Hotspur Youth : LHP Wes Hamm
Batting: SHB Eric O'Neill 0-0: Ball
1-0: Foul Ball, location: 2F
1-1: Ground out 3-1 (Groundball, 34)
Batting: RHB Octávio Zúńiga 0-0: Called Strike
0-1: Foul Ball, location: 2F
0-2: Ball
1-2: SINGLE (Groundball, 56D)
Pinch Hitting: RHB David Ramírez 0-0: Swinging Strike
0-1: Ball
1-1: Ball
2-1: Ball
3-1: Base on Balls
Octávio Zúńiga to second
Batting: RHB Joe Chase 0-0: Called Strike
0-1: Ball
1-1: SINGLE (Flyball, 78S)
Octávio Zúńiga to third
David Ramírez to second
Runner from 3rd tries for Home, throw and OUT!
Pinch Hitting: RHB Curt Pope 0-0: Swinging Strike
0-1: Swinging Strike
0-2: Ball
1-2: Strikes out swinging
Top of the 7th over - 0 run(s), 2 hit(s), 0 error(s), 2 left on base; Helena 0 - Phoenix Hotspur 0
BOTTOM OF THE 7TH
Phoenix Hotspur Youth batting - Pitching for Helena Grizzlies : LHP Yusuke Chikafuji
Now at 2B: David Ramírez
Now in RF: Curt Pope
Batting: SHB Dave Orchard 0-0: Fly out, F4 (Popup, 4D)
Batting: RHB Martín Martínez 0-0: Ball
1-0: Foul Ball, location: 2F
1-1: Fly out, F4 (Popup, 4)
Batting: SHB Jesús González 0-0: Called Strike
0-1: Ball
1-1: Foul Ball, location: 2F
1-2: Foul Ball, location: 2F
1-2: Fly out, F8 (Flyball, 89M)
Bottom of the 7th over - 0 run(s), 0 hit(s), 0 error(s), 0 left on base; Helena 0 - Phoenix Hotspur 0
TOP OF THE 8TH
Helena Grizzlies batting - Pitching for Phoenix Hotspur Youth : LHP Wes Hamm
Batting: RHB Hank Kenney 0-0: Ground out 1-3 (Groundball, 23)
Batting: RHB Danny Walsh 0-0: SINGLE (Flyball, 8RS)
Batting: LHB José Alonso 0-0: Ball
1-0: Ball
2-0: Fly out, F8 (Flyball, 8LD)
Batting: RHB Alfredo Méndez 0-0: Foul Ball, location: 2F
0-1: Ball
1-1: Ball
2-1: Foul Ball, location: 2F
2-2: Ball
3-2: Foul Ball, location: 2F
3-2: SINGLE (Groundball, 56D)
Danny Walsh to second
Danny Walsh to third
Pitching: RHP Bob Cook
Pinch Hitting: LHB Juan González 0-0: Ball
1-0: SINGLE (Line Drive, 7S)
Danny Walsh scores
Alfredo Méndez to second
Pinch Hitting: LHB Rufo Flores 0-0: Ball
1-0: Ball
2-0: Called Strike
2-1: Fly out, F9 (Flyball, 89M)
Top of the 8th over - 1 run(s), 3 hit(s), 0 error(s), 2 left on base; Helena 1 - Phoenix Hotspur 0
BOTTOM OF THE 8TH
Phoenix Hotspur Youth batting - Pitching for Helena Grizzlies : LHP Yusuke Chikafuji
Now in LF: Juan González
Batting: RHB Richard Moss 0-0: Foul Ball, location: 2F
Now in RF: Rufo Flores 0-1: Swinging Strike
0-2: Foul Ball, location: 2F
0-2: Ball
1-2: Ball
2-2: Foul Ball, location: 2F
2-2: Fly out, F3 (Popup, 3SF)
Batting: LHB Torquato Villani 0-0: Ball
1-0: Called Strike
1-1: Foul Ball, location: 2F
1-2: Ground out U3 (Groundball, 3)
Batting: RHB Ben Anderson 0-0: Fly out, F4 (Popup, 3DF)
Bottom of the 8th over - 0 run(s), 0 hit(s), 0 error(s), 0 left on base; Helena 1 - Phoenix Hotspur 0
TOP OF THE 9TH
Helena Grizzlies batting - Pitching for Phoenix Hotspur Youth : RHP Bob Cook
Pitching: LHP José Acevedo
Batting: RHB David Ramírez 0-0: Ball
1-0: Swinging Strike
1-1: Ground out 5-3 (Groundball, 5)
Batting: RHB Joe Chase 0-0: Foul Ball, location: 2F
0-1: Swinging Strike
0-2: Strikes out looking
Batting: RHB Curt Pope 0-0: Called Strike
0-1: Swinging Strike
0-2: Ball
1-2: Foul Ball, location: 2F
1-2: Ball
2-2: SINGLE (Line Drive, 34)
Batting: RHB Hank Kenney 0-0: Called Strike
0-1: Foul Ball, location: 2F
0-2: Foul Ball, location: 2F
0-2: Strikes out swinging
Top of the 9th over - 0 run(s), 1 hit(s), 0 error(s), 1 left on base; Helena 1 - Phoenix Hotspur 0
BOTTOM OF THE 9TH
Phoenix Hotspur Youth batting - Pitching for Helena Grizzlies : LHP Yusuke Chikafuji
Batting: RHB Alejandro Ibarra 0-0: Called Strike
0-1: Fly out, F7 (Flyball, 78M)
Pinch Hitting: RHB Matías Torrella 0-0: Swinging Strike
0-1: Ball
1-1: Fly out, F8 (Line Drive, 8LS)
Batting: RHB Júlio Mateo 0-0: Ball
1-0: Ball
2-0: Fly out, F4 (Line Drive, 4M)
Bottom of the 9th over - 0 run(s), 0 hit(s), 0 error(s), 0 left on base; Helena 1 - Phoenix Hotspur 0
This league is powered by Out of the Park Baseball, the baseball management simulation game for PC, Mac and Linux
Friday, October 23rd, 2015 - OOTP Baseball 16.9 Build 39